Map: [ESL] Alcyone

Players

Kelazhur - Winner!

  • Race: Terran Terran
  • Spawn Location: 1:00

SKillous

  • Race: Protoss Protoss
  • League: Grandmaster
  • Spawn Location: 7:00

Event: IEM Katowice 2024

VOD

Have the link to the VOD?

Description

Time

  • Played on: Dec. 8, 2023, 4:05 p.m.
  • Length: 13:59

All games in this series

Show
View Real Time Build Order
Export as new Build Order

Kelazhur Terran - Winner!

Build Orders:  

Get SALT Encoding   

  12  0:00  SCV  
  13  0:12  SCV  
  14  0:17  Supply Depot  
  14  0:24  SCV  
  15  0:38  SCV  
  15  0:39  Barracks  
  16  0:43  Refinery  
  16  0:50  SCV  
  17  1:02  SCV  
  18  1:14  SCV  
  19  1:26  Marine  
  19  1:27  Orbital Command  
  20  1:39  Command Center  
  20  1:50  Factory  
  20  1:53  SCV  
  21  2:03  Barracks Reactor  
  21  2:05  SCV  
  21  2:08  Supply Depot  
  22  2:17  SCV, Refinery  
  24  2:30  SCV  
  24  2:42  Hellion x2, SCV  
  24  2:44  Starport  
  29  2:50  Orbital Command  
  29  2:54  SCV  
  30  3:03  Hellion  
  30  3:04  Hellion  
  34  3:07  SCV  
  34  3:11  Orbital Command  
  35  3:19  SCV  
  36  3:21  Medivac  
  36  3:25  Supply Depot  
  38  3:30  Cyclone x2  
  38  3:33  SCV  
  43  3:36  SCV  
  44  3:43  Barracks Tech Lab  
  44  3:45  SCV  
  44  3:47  Supply Depot  
  45  3:49  SCV  
  45  3:51  Viking  
  48  3:57  SCV  
  49  4:05  SCV  
  49  4:06  Cyclone x2  
  55  4:10  SCV  
  55  4:14  Supply Depot  
  53  4:18  SCV  
  53  4:22  SCV  
  55  4:24  Marine  
  55  4:25  Stimpack  
  55  4:30  Viking, SCV  
  59  4:34  SCV  
  60  4:42  SCV  
  59  4:46  Cyclone, SCV  
  59  4:52  Cyclone, Marine  
  64  4:54  SCV  
  64  4:56  Barracks  
  64  4:57  Barracks  
  64  4:58  SCV  
  66  5:06  SCV  
  67  5:10  SCV  
  67  5:11  Viking  
  70  5:21  Engineering Bay  
  70  5:22  Refinery  
  70  5:23  Supply Depot  
  70  5:24  SCV, Marine  
  70  5:26  SCV  
  59  5:36  Cyclone  
  59  5:37  Cyclone  
  59  5:38  SCV  
  59  5:40  SCV  
  59  5:42  Marine  
  63  5:44  Barracks Tech Lab  
  63  5:50  SCV  
  63  5:52  SCV  
  63  5:55  Refinery  
  65  5:57  Terran Infantry Weapons Level 1, Marine  
  65  5:58  Command Center  
  65  6:00  Marine  
  65  6:02  Bunker, SCV  
  65  6:04  Marine  
  66  6:08  SCV  
  66  6:09  Missile Turret x2  
  67  6:12  Combat Shield  
  67  6:15  SCV  
  67  6:18  Marine  
  70  6:22  Marauder  
  70  6:23  SCV  
  70  6:27  SCV  
  70  6:31  Marine x2  
  73  6:35  SCV  
  73  6:36  Marauder  
  73  6:38  Concussive Shells  
  73  6:39  SCV  
  77  6:41  Factory Reactor  
  77  6:42  Barracks  
  77  6:45  Barracks  
  77  6:47  SCV  
  77  6:50  Starport  
  78  6:54  Supply Depot  
  78  7:05  Supply Depot  
  78  7:07  Supply Depot  
  78  7:09  Marine  
  78  7:10  Marine  
  78  7:15  SCV  
  78  7:16  Marauder x2  
  78  7:22  SCV  
  85  7:28  Factory Reactor  
  85  7:29  Marine x2  
  86  7:31  Barracks Reactor  
  86  7:32  Barracks Tech Lab  
  84  7:37  Marauder x2  
  84  7:42  Missile Turret, SCV x2  
  89  7:47  Supply Depot  
  89  7:48  Medivac  
  89  7:49  Marine, Medivac  
  89  7:50  Marine  
  95  7:51  Orbital Command, Terran Infantry Armor Level 1  
  95  7:54  Barracks, SCV x2  
  95  7:55  Barracks  
  95  7:58  Barracks  
  97  7:59  Marauder x2  
  97  8:00  Marauder  
  103  8:06  SCV  
  103  8:08  Armory  
  103  8:09  Marine  
  103  8:10  Marine x3  
  103  8:12  Supply Depot  
  108  8:13  SCV  
  108  8:15  Supply Depot  
  108  8:18  Ghost Academy  
  109  8:20  Marauder x2  
  109  8:21  Widow Mine x2  
  109  8:23  Medivac  
  109  8:26  Medivac  
  121  8:28  SCV x2  
  125  8:34  Marauder  
  125  8:35  Marine x2  
  125  8:38  Marine  
  125  8:39  Marine  
  129  8:41  Supply Depot, Marauder, Marine  
  129  8:43  Supply Depot  
  129  8:46  Widow Mine  
  129  8:47  Widow Mine  
  135  8:54  Missile Turret x2, Supply Depot  
  137  8:55  Marauder  
  137  8:59  Marauder  
  139  9:03  Marauder  
  139  9:04  Marine x2  
  139  9:05  Marine x3  
  139  9:07  Ghost Academy  
  139  9:09  Supply Depot  
  148  9:17  Missile Turret, Marauder  
  148  9:19  Marine x2  
  148  9:21  Marauder  
  152  9:25  Marine x2, Marauder  
  152  9:26  Supply Depot  
  152  9:27  Marine x3  
  158  9:34  Widow Mine  
  158  9:35  Widow Mine  
  164  9:45  Terran Infantry Weapons Level 2, Marine  
  164  9:46  Marauder, Marine  
  164  9:49  Supply Depot  
  164  9:51  Ghost x2, Supply Depot  
  170  9:58  Marine x2  
  172  10:05  Marine x4  
  176  10:07  Ghost  
  176  10:08  Supply Depot  
  176  10:11  Supply Depot  
  178  10:19  Ghost  
  177  10:24  Ghost  
  177  10:25  Viking x2  
  174  10:34  Marine  
  158  10:35  Ghost  
  143  10:42  Marine  
  143  10:43  Marine x5  
  143  10:48  Ghost, Refinery  
  149  10:52  Marine  
  149  10:53  Marine  
  149  10:55  Medivac  
  152  10:57  Medivac  
  152  11:00  Marine  
  152  11:01  Widow Mine x2, Marine x3  
  152  11:02  Marine x2  
  164  11:05  Marauder  
  164  11:10  Marine  
  166  11:11  Marauder  
  166  11:17  Marine  
  162  11:18  Marine x4  
  162  11:20  Marine x2  
  162  11:24  SCV x2  
  162  11:25  Marine, Medivac, SCV, Refinery  
  170  11:28  Marine  
  155  11:33  Marauder  
  155  11:35  Marine  
  155  11:36  Marine x2  
  149  11:43  Medivac  
  149  11:44  Marauder  
  150  11:52  Marine  
  150  11:53  Marauder, Marine  
  150  11:54  Marauder, Widow Mine  
  152  11:55  Medivac  
  152  11:58  Marine x2  
  152  12:04  Barracks Tech Lab x2, Command Center  
  152  12:05  Marauder  
  148  12:10  Marine x2  
  148  12:14  Marauder  
  153  12:15  Marauder  
  153  12:19  Widow Mine x2  
  155  12:26  Marauder x2, Marine x2  
  155  12:27  Marauder  
  163  12:35  Marine  
  163  12:36  Marauder, Marine  
  167  12:53  Marauder  
  167  12:54  Marauder  
  152  13:07  Marauder x2, Marine  
  153  13:18  Marauder  
  153  13:19  Widow Mine x2  
  158  13:21  Marauder, Marine  
  158  13:22  Marauder, Marine x2  
  163  13:30  Marine, Marauder  
  163  13:31  Marine x2  
  166  13:39  Marine x2  
  166  13:40  Marine x2  
Show
View Real Time Build Order
Export as new Build Order

SKillous Protoss 

Build Orders: 1 Gate Expand, Phoenix Opening 

Get SALT Encoding   

  12  0:00  Probe  
  13  0:12  Probe  
  14  0:17  Pylon  
  14  0:25  Probe (Chrono Boost)  
  15  0:35  Gateway  
  15  0:37  Probe (Chrono Boost)  
  15  0:42  Assimilator  
  16  0:46  Probe (Chrono Boost)  
  17  0:52  Probe  
  18  1:04  Probe  
  19  1:16  Probe  
  20  1:23  Cybernetics Core  
  20  1:32  Nexus  
  20  1:38  Pylon  
  20  1:42  Probe  
  21  1:49  Assimilator  
  20  1:54  Probe  
  20  1:56  Adept (Chrono Boost)  
  23  2:06  Probe  
  24  2:11  Shield Battery  
  24  2:17  Adept (Chrono Boost)  
  24  2:18  Probe  
  27  2:30  Probe  
  28  2:40  Stargate, Adept  
  31  2:46  Probe (Chrono Boost)  
  31  2:47  Probe (Chrono Boost)  
  31  2:48  Warp Gate  
  32  2:56  Probe (Chrono Boost)  
  32  2:57  Probe (Chrono Boost)  
  34  3:02  Probe  
  35  3:07  Probe  
  35  3:08  Shield Battery  
  36  3:14  Probe, Adept  
  36  3:19  Probe  
  40  3:22  Phoenix (Chrono Boost)  
  40  3:26  Probe  
  43  3:29  Pylon  
  43  3:31  Probe  
  44  3:38  Probe  
  45  3:43  Probe  
  45  3:46  Phoenix (Chrono Boost)  
  48  3:50  Probe  
  48  3:55  Probe  
  50  3:57  Pylon  
  49  4:02  Probe  
  49  4:04  Phoenix (Chrono Boost)  
  49  4:15  Nexus  
  49  4:16  Probe  
  48  4:26  Pylon  
  48  4:27  Phoenix (Chrono Boost)  
  48  4:28  Probe  
  48  4:30  Gateway  
  48  4:31  Probe  
  52  4:36  Stalker  
  54  4:40  Probe  
  55  4:51  Probe  
  55  4:52  Probe  
  53  4:55  Pylon, Shield Battery, Phoenix  
  55  5:02  Zealot  
  57  5:07  Probe  
  57  5:12  Gateway, Probe  
  57  5:15  Gateway  
  57  5:18  Pylon  
  58  5:21  Probe  
  58  5:24  Stalker  
  58  5:25  Stalker, Probe  
  63  5:32  Probe (Chrono Boost)  
  62  5:40  Assimilator  
  62  5:41  Assimilator  
  62  5:42  Probe x2 (Chrono Boost)  
  64  5:43  Phoenix  
  64  5:44  Probe (Chrono Boost)  
  68  5:52  Probe x2 (Chrono Boost)  
  68  5:53  Probe (Chrono Boost)  
  68  5:56  Twilight Council  
  70  5:57  Forge  
  70  6:02  Probe  
  71  6:08  Probe  
  71  6:09  Probe  
  71  6:10  Zealot x3  
  71  6:11  Pylon  
  79  6:12  Sentry  
  79  6:14  Probe  
  82  6:18  Phoenix  
  82  6:20  Probe  
  82  6:21  Protoss Ground Weapons Level 1 (Chrono Boost)  
  85  6:29  Probe  
  85  6:32  Probe  
  87  6:36  Gateway  
  87  6:38  Gateway, Pylon  
  87  6:44  Probe  
  87  6:45  Probe  
  89  6:50  Nexus, Charge (Chrono Boost)  
  89  6:54  Phoenix  
  89  7:00  Robotics Facility  
  91  7:02  Photon Cannon  
  91  7:05  Probe x2  
  93  7:14  Zealot x4  
  102  7:19  Pylon  
  102  7:21  Gateway  
  101  7:23  Pylon  
  101  7:30  Gateway  
  101  7:32  Gateway, Photon Cannon  
  101  7:40  Zealot x4  
  101  7:42  Probe x2  
  109  7:45  Probe  
  109  7:49  Observer (Chrono Boost)  
  111  7:52  Robotics Bay  
  111  7:54  Pylon  
  111  8:01  Zealot x6  
  123  8:06  Warp Prism (Chrono Boost)  
  123  8:08  Probe  
  123  8:11  Gateway  
  126  8:13  Probe  
  126  8:14  Probe  
  126  8:18  Protoss Ground Weapons Level 2 (Chrono Boost)  
  128  8:27  Pylon  
  128  8:32  Pylon  
  128  8:35  Photon Cannon  
  128  8:36  Nexus  
  128  8:37  Pylon  
  128  8:42  Colossus (Chrono Boost)  
  128  8:47  Probe  
  135  8:52  Extended Thermal Lance  
  135  8:53  Forge  
  135  8:57  Probe x2  
  135  9:00  Probe x2  
  135  9:01  Pylon  
  139  9:08  Photon Cannon  
  139  9:09  Shield Battery  
  139  9:10  Blink (Chrono Boost), Pylon  
  139  9:11  Robotics Facility  
  139  9:16  Probe x2, Pylon  
  141  9:17  Shield Battery, Pylon  
  141  9:21  Probe  
  141  9:22  Colossus (Chrono Boost)  
  142  9:24  Protoss Ground Armor Level 1 (Chrono Boost)  
  142  9:25  Probe  
  142  9:28  Probe  
  150  9:32  Zealot  
  150  9:33  Zealot x2  
  156  9:39  Zealot x2  
  156  9:40  Zealot x2  
  164  9:48  Probe  
  164  9:52  Assimilator  
  165  9:54  Photon Cannon x2  
  165  9:55  Shield Battery  
  165  9:57  Photon Cannon  
  165  9:59  Pylon  
  155  10:02  Colossus (Chrono Boost)  
  155  10:03  Zealot x4  
  168  10:11  Zealot x5  
  162  10:33  Zealot x2  
  162  10:34  Zealot x8  
  143  10:42  Protoss Ground Weapons Level 3 (Chrono Boost)  
  121  10:43  Disruptor x2 (Chrono Boost)  
  111  10:57  Zealot x10  
  123  11:16  Disruptor x2 (Chrono Boost)  
  115  11:19  Zealot x6  
  115  11:23  Stalker x3  
  135  11:31  Zealot  
  99  11:40  Zealot x6  
  95  11:49  Disruptor (Chrono Boost)  
  95  11:54  Disruptor (Chrono Boost), Stalker x4  
  106  12:01  Nexus  
  104  12:17  Stalker  
  104  12:18  Stalker  
  108  12:23  Stalker x3  
  108  12:24  Stalker  
  108  12:28  Sentry, Shield Battery  
  118  12:30  Observer (Chrono Boost)  
  120  12:37  Observer (Chrono Boost), Stalker  
  122  12:50  Stalker x3  
  128  12:51  Observer  
  117  13:00  Zealot x4  
  117  13:01  Zealot  
  113  13:12  Zealot x2  
  105  13:17  Zealot x3  
  104  13:22  Zealot x3  
  95  13:35  Stalker x4  
  99  13:42  Zealot x3  
  84  13:56  Zealot x3  

Tags
 
Add a new tag
Caveats
  • Supply blocks, unpowered buildings, or Contaminate may cause inaccurate times.
  • Supply counts are checked every 10 seconds.